 Dungeon Crawl Stone Soup version 0.23-a0-419-g0174fd8 (webtiles) character file.

54212 nethax the Peltast (level 14, 0/135 HPs)
             Began as a Minotaur Fighter on Nov 11, 2018.
             Was the Champion of Okawaru.
             Slain by a sun demon (9 damage)
             ... summoned by an orc high priest
             ... on level 2 of the Orcish Mines on Nov 12, 2018.
             The game lasted 01:45:18 (23625 turns).

nethax the Peltast (Minotaur Fighter)              Turns: 23625, Time: 01:45:18

Health: 0/135      AC:  9    Str: 19    XL:     14   Next: 33%
Magic:  22/22      EV:  7    Int: 18    God:    Okawaru [******]
Gold:   1494       SH: 14    Dex: 15    Spells: 13/13 levels left

rFire    + . .     SeeInvis .   a - +8 broad axe (elec)
rCold    + + .     Gourm    .   M - +0 shield of Miepn {rC+}
rNeg     . . .     Faith    .   r - +2 plate armour {rF+}
rPois    .         Spirit   .   K - +1 hat {Int+3}
rElec    .         Reflect  .   g - +2 cloak of Okawaru's Envy {Int+2}
rCorr    .         Harm     .   P - +2 pair of gloves of Entitlement {Dex+4}
MR       ++...                  C - +1 pair of boots
Stlth    ..........             (no amulet)
HPRegen  0.32/turn              j - +3 ring of slaying
MPRegen  0.18/turn              t - ring "Bios" {rC+ MR+ MP+9 Str-3 Int+5}

@: corroded
A: retaliatory headbutt, horns 2
a: Heroism, Finesse, Renounce Religion


You were on level 2 of the Orcish Mines.
You worshipped Okawaru.
Okawaru was exalted by your worship.
You were not hungry.

You visited 4 branches of the dungeon, and saw 20 of its levels.
You also visited: Bailey.

You collected 3099 gold pieces.
You spent 1605 gold pieces at shops.

Inventory:

Hand Weapons
 a - a +8 broad axe of electrocution (weapon)
   (You found it on level 6 of the Lair of Beasts)
 b - a +3 scimitar of flaming
   (You took it off Erica on level 1 of the Lair of Beasts)
Missiles
 B - 2 throwing nets (quivered) {!f}
Armour
 g - the +2 cloak of Okawaru's Envy (worn) {Int+2}
   (Okawaru gifted it to you on level 11 of the Dungeon)

   It affects your intelligence (+2).
 r - a +2 plate armour of fire resistance (worn)
   (You took it off an orc warrior on level 1 of the Orcish Mines)
 C - a +1 pair of boots (worn)
   (You found it on level 1 of the Dungeon)
 K - a +1 hat of intelligence (worn)
   (Okawaru gifted it to you on level 1 of the Orcish Mines)
 M - the +0 shield of Miepn (worn) {rC+}
   (You found it on level 6 of the Lair of Beasts)

   It protects you from cold.
 P - the +2 pair of gloves of Entitlement (worn) {Dex+4}
   (Okawaru gifted it to you on level 6 of the Lair of Beasts)

   It affects your dexterity (+4).
 W - a +2 cloak of invisibility
   (You found it in a bailey)
Jewellery
 f - an uncursed ring of positive energy
   (You found it on level 3 of the Lair of Beasts)
 i - an uncursed ring of protection from fire
   (You found it on level 3 of the Lair of Beasts)
 j - a +3 ring of slaying (left hand)
   (You found it on level 4 of the Dungeon)
 l - an uncursed ring of protection from magic
   (You found it on level 6 of the Lair of Beasts)
 t - the ring "Bios" (right hand) {rC+ MR+ MP+9 Str-3 Int+5}
   (You bought it in a shop on level 10 of the Dungeon)

   [ring of protection from magic]

   It affects your strength (-3).
   It affects your intelligence (+5).
   It protects you from cold.
   It affects your resistance to hostile enchantments.
   It affects your magic capacity (+9).
 z - an uncursed ring of see invisible
   (You found it on level 6 of the Dungeon)
 D - an uncursed ring of flight
   (You found it on level 5 of the Lair of Beasts)
 E - a +3 ring of slaying
   (You found it on level 6 of the Dungeon)
 Q - an uncursed amulet of faith {!P}
   (You found it on level 8 of the Dungeon)
Wands
 c - a wand of disintegration (7)
   (You found it on level 6 of the Lair of Beasts)
 u - a wand of paralysis (7)
   (You found it on level 6 of the Lair of Beasts)
 x - a wand of acid (8)
   (You found it on level 4 of the Lair of Beasts)
 F - a wand of enslavement (8)
   (You found it on level 6 of the Dungeon)
 N - a wand of polymorph (21)
   (You found it on level 7 of the Dungeon)
 T - a wand of clouds (4)
   (You found it on level 10 of the Dungeon)
Scrolls
 h - 12 scrolls of teleportation {@r4}
 m - 10 scrolls of remove curse {@r2}
 p - 6 scrolls of blinking
 v - 4 scrolls of fog
 I - a scroll of magic mapping
 J - 3 scrolls of fear
 O - a scroll of enchant armour
 R - a scroll of vulnerability {!r}
 S - 2 scrolls of amnesia
 X - 2 scrolls of identify {@r1}
 Z - 4 scrolls of immolation {!r}
Potions
 d - 4 potions of might
 k - 3 potions of lignification {!q}
 n - 14 potions of curing {@q1}
 o - 3 potions of ambrosia
 q - a potion of resistance
 s - 3 potions of agility
 w - 3 potions of flight
 A - a potion of cancellation
 G - 2 potions of magic
 H - 3 potions of heal wounds {@q2}
 L - a potion of haste {@q3}
 U - 2 potions of brilliance
Comestibles
 e - 34 rations {!d}


   Skills:
 + Level 15.0 Fighting
 + Level 14.8 Axes
 + Level 14.9 Armour
 - Level 15.0 Shields


You had 13 spell levels left.
You didn't know any spells.
Your spell library contained the following spells:

 Spells                   Type           Power        Failure   Level  Hunger
 Animate Skeleton         Necr           N/A          95%         1    ##.....
 Apportation              Tloc           #.....       95%         1    ##.....
 Confusing Touch          Hex            #.....       95%         1    ##.....
 Shock                    Conj/Air       #...         95%         1    ##.....
 Summon Small Mammal      Summ           #...         95%         1    ##.....
 Blink                    Tloc           N/A          99%         2    ###....
 Call Imp                 Summ           #.......     99%         2    ###....
 Corpse Rot               Necr           N/A          99%         2    ###....
 Shroud of Golubria       Chrm/Tloc      #.........   99%         2    ###....
 Call Canine Familiar     Summ           #.......     100%        3    ####...
 Gell's Gravitas          Tloc           #.........   100%        3    ####...
 Lesser Beckoning         Tloc           #.........   100%        3    ####...
 Stone Arrow              Conj/Erth      #.....       100%        3    ####...
 Summon Guardian Golem    Hex/Summ       #.......     100%        3    ####...
 Teleport Other           Tloc           #.......     100%        3    ####...
 Leda's Liquefaction      Hex/Erth       #.........   100%        4    #####..
 Passage of Golubria      Tloc           N/A          100%        4    #####..
 Summon Ice Beast         Ice/Summ       #.......     100%        4    #####..
 Summon Lightning Spire   Summ/Air       #.......     100%        4    #####..
 Borgnjor's Vile Clutch   Necr/Erth      #.........   100%        5    ######.
 Dispel Undead            Necr           #.......     100%        5    ######.
 Summon Forest            Summ/Tloc      #.........   100%        5    ######.
 Hydra Form               Tmut           #.........   100%        6    #######
 Summon Hydra             Summ           #.........   100%        7    #######


Dungeon Overview and Level Annotations

Branches:
Dungeon (11/15)            Temple (1/1) D:4            Lair (6/6) D:8
  Swamp (0/4) Lair:2        Snake (0/4) Lair:2        Slime (0/5) Lair:5
    Orc (2/2) D:11            Elf (0/3) Orc:2

Altars:
Ashenzari
Cheibriados
Dithmenos
Elyvilon
Fedhas
Gozag
Hepliaklqana
Kikubaaqudgha
Makhleb
Nemelex Xobeh
Okawaru
Qazlal
Ru
Sif Muna
Trog
Uskayaw
Vehumet
Wu Jian
Xom
Yredelemnul
Zin
The Shining One
Beogh

Shops:
D:6 ?   D:8 =   D:10 *:?*   D:11 ?%   Orc:2 (

Annotations:
Lair:3 exclusion: oklob plant
Lair:5 exclusion: 4 oklob plants
Lair:6 exclusion: 2 oklob plants


Innate Abilities, Weirdness & Mutations

You reflexively headbutt those who attack you in melee.
You have a pair of horns on your head.


Message History

The orc wizard hits you but does no damage.
An orc sorcerer comes into view.
It is wielding a +1 dagger of holy wrath.
You block the orc knight's attack. You block the orc high priest's attack.
The sun demon closely misses you. You furiously retaliate!
You headbutt the sun demon. The rust devil hits you.
The rust devil corrodes you!
The soul eater draws from the surrounding life force!
* * * LOW HITPOINT WARNING * * *
The orc wizard hits you but does no damage.
The sun demon hits you.
* * * LOW HITPOINT WARNING * * *
You are engulfed in flames.
You resist.
* * * LOW HITPOINT WARNING * * *
You block the orc high priest's attack.
The orc knight roars a battlecry!
The orcs go into a battle-frenzy!
Things that are here:
a +0 morningstar; an orc corpse An orc wizard comes into view.
It is wielding a +0 dagger.
Things that are here:
a +0 war axe; a +0 plate armour You barely miss the sun demon.
You closely miss the orc wizard.
The orc wizard hits you but does no damage.
You block the sun demon's attack.
The orc wizard hits you but does no damage.
You hit the sun demon but do no damage. You slash the orc wizard!
Lightning courses through the orc wizard!
You kill the orc wizard!
Okawaru accepts your kill. The sun demon hits you!!
* * * LOW HITPOINT WARNING * * *
You are engulfed in flames.
You resist.
* * * LOW HITPOINT WARNING * * *
You hear a shout!
You feel much better.
You hear a shout!
The sun demon hits you!
* * * LOW HITPOINT WARNING * * *
You are engulfed in flames!
You resist.
* * * LOW HITPOINT WARNING * * *
The orc high priest calls down the wrath of Beogh upon you.
You resist with almost no effort.
Okay, then.
You closely miss the orc high priest.
You headbutt the orc high priest, but do no damage.
Your plate armour prevents you from hitting the sun demon.
The sun demon hits you!!
* * * LOW HITPOINT WARNING * * *
You are engulfed in flames!
You resist.
You die...

..#####.##.........
...##.##.........
...##.##.........
.3.##.###........ #. #
##..##..##........<
#∩.#.##4..##.###.........
#...oo3.##..# #.....#...
##..ooo##..## #.....#...
#####3@..## #......... ######
#......... # ## ########
##......... #.
.##....#.###.......... #.
.##......#.#.........
###.#.#.#..<...............
###........#.................
##..........#....##...........
###....##....#..................


You could see an orc knight, a soul eater, an orc high priest, a sun demon, a
rust devil, 2 orc warriors and an orc wizard.

Vanquished Creatures
  Rupert (Lair:3)
  An orc warlord (Orc:1)
  The ghost of Karim the Carver, a journeyman GnCK of Xom (Orc:1)
  Fannar (Lair:3)
  4 hydras
  2 catoblepae (Lair:6)
  Erica (Lair:1)
  A two-headed ogre (Orc:1)
  A dancing weapon (Orc:1)
  6 death yaks
  A deep troll shaman (Lair:6)
  2 orc high priests
  4 unseen horrors
  A lindwurm (Lair:6)
  2 orc knights (Orc:1)
  6 orc sorcerers
  2 ugly things (D:11)
  The ghost of ThereIsNoGod the Martial Artist, a novice OpFi (D:6)
  A manticore (D:11)
  5 elephants
  Psyche (D:9)
  A torpor snail (Lair:5)
  3 black mambas
  5 spiny frogs
  6 komodo dragons
  The ghost of TheNamelessOne the Firebug, a novice OpFE of Sif Muna (D:5)
  4 trolls
  A hornet (D:9)
  3 polar bears
  10 hippogriffs
  Prince Ribbit (D:9)
  3 blink frogs (Lair:4)
  A spriggan (D:8)
  Eustachio (D:6)
  2 wyverns (D:8)
  32 yaks
  2 basilisks
  2 hungry ghosts
  A warg (Orc:2)
  A naga (Lair:2)
  An acid dragon (D:8)
  12 water moccasins
  5 porcupines
  A black bear (D:9)
  2 hornet zombies
  An eye of draining (D:9)
  2 ice beasts
  32 orc warriors
  7 sky beasts
  7 ogres
  17 wolves
  3 phantoms
  10 crocodiles
  14 centaurs
  3 big kobolds
  13 bullfrogs
  3 scorpions
  5 killer bees (D:10)
  2 howler monkeys (D:11)
  An electric eel (Lair:2)
  6 crimson imps
  5 jellies
  2 quasits
  A bullfrog zombie (D:8)
  6 hounds
  32 orc wizards
  26 orc priests
  A bullfrog skeleton (D:9)
  2 iguanas (D:6)
  4 worker ants
  A hound zombie (D:5)
  A hound skeleton (D:5)
  A worker ant zombie (D:10)
  A howler monkey skeleton (D:5)
  18 adders
  A shadow imp (D:6)
  An ooze (D:4)
  3 adder skeletons
  2 dart slugs
  4 leopard geckos
  88 orcs
  A ball python (D:1)
  4 bats
  7 giant cockroaches
  9 goblins
  7 hobgoblins
  15 jackals
  3 quokkas
  6 frilled lizards
  21 kobolds
  A leopard gecko skeleton (D:5)
  9 rats
  4 fungi
559 creatures vanquished.

Vanquished Creatures (others)
  2 bushes (Lair:6)
  13 fungi
  10 plants
25 creatures vanquished.

Grand Total: 584 creatures vanquished

Notes
Turn   | Place    | Note
-------+----------+-------------------------------------------
     0 | D:1      | nethax the Minotaur Fighter began the quest for the Orb.
     0 | D:1      | Reached XP level 1. HP: 19/19 MP: 0/0
   169 | D:1      | Reached XP level 2. HP: 23/27 MP: 1/1
   588 | D:2      | Reached XP level 3. HP: 28/33 MP: 2/2
  1244 | D:2      | Reached XP level 4. HP: 36/40 MP: 3/3
  1556 | D:3      | Found a hazy altar of Hepliaklqana.
  1560 | D:3      | Found a basalt altar of Yredelemnul.
  1720 | D:3      | Reached XP level 5. HP: 40/47 MP: 4/4
  1933 | D:3      | Found a blossoming altar of Fedhas.
  1938 | D:3      | Found a stormy altar of Qazlal.
  2236 | D:4      | Reached skill level 5 in Fighting
  2236 | D:4      | Reached skill level 5 in Armour
  2236 | D:4      | Reached skill level 5 in Shields
  2641 | D:4      | Noticed an ogre
  2657 | D:4      | Reached XP level 6. HP: 56/56 MP: 5/5
  3036 | D:4      | Reached skill level 5 in Axes
  3142 | D:4      | Found a staircase to the Ecumenical Temple.
  3151 | Temple   | Entered the Ecumenical Temple
  3183 | Temple   | Became a worshipper of Warmaster Okawaru
  3445 | D:5      | Entered Level 5 of the Dungeon
  3447 | D:5      | Reached XP level 7. HP: 62/62 MP: 6/6
  3954 | D:5      | Reached * piety under Okawaru
  4112 | D:5      | Found a runed gate.
  4112 | D:5      | Found a runed gate.
  4112 | D:5      | Found a runed gate.
  4114 | D:5      | Noticed TheNamelessOne's ghost (novice OpFE)
  4158 | D:5      | Killed TheNamelessOne's ghost
  4158 | D:5      | Reached XP level 8. HP: 52/71 MP: 7/7
  4461 | D:6      | Reached ** piety under Okawaru
  4624 | D:6      | Noticed ThereIsNoGod's ghost (novice OpFi)
  4629 | D:6      | Found a runed gate.
  4633 | D:6      | Found a runed gate.
  4633 | D:6      | Found a runed gate.
  4652 | D:6      | Killed ThereIsNoGod's ghost
  4652 | D:6      | Reached *** piety under Okawaru
  4652 | D:6      | Reached XP level 9. HP: 72/81 MP: 8/8
  4837 | D:6      | Noticed Eustachio
  4845 | D:6      | Killed Eustachio
  5062 | D:6      | Found Adoidun's Magic Scroll Shop.
  5070 | D:6      | Bought a scroll of identify for 28 gold pieces
  5070 | D:6      | Bought a scroll of magic mapping for 49 gold pieces
  5070 | D:6      | Bought a scroll of fear for 49 gold pieces
  5070 | D:6      | Bought a scroll of identify for 28 gold pieces
  5070 | D:6      | Bought a scroll of identify for 28 gold pieces
  5070 | D:6      | Bought a scroll of identify for 28 gold pieces
  5900 | D:7      | Found a hide-covered altar of Uskayaw.
  5900 | D:7      | Found a radiant altar of Vehumet.
  5900 | D:7      | Found an opulent altar of Gozag.
  5900 | D:7      | Found a deep blue altar of Sif Muna.
  5909 | D:7      | Found an ornate altar of the Wu Jian Council.
  5913 | D:7      | Found a shattered altar of Ashenzari.
  6212 | D:8      | Reached **** piety under Okawaru
  6368 | D:8      | Reached XP level 10. HP: 45/91 MP: 9/9
  6604 | D:8      | Found Ruthrahe's Jewellery Shoppe.
  6903 | D:8      | Reached ***** piety under Okawaru
  7019 | D:8      | Reached skill level 10 in Shields
  7037 | D:8      | Reached skill level 10 in Fighting
  7037 | D:8      | Reached skill level 10 in Armour
  7252 | D:8      | Found a staircase to the Lair.
  7529 | D:9      | Received a gift from Okawaru
  7588 | D:9      | Reached skill level 10 in Axes
  7589 | D:9      | Noticed Psyche
  7599 | D:9      | Killed Psyche
  7696 | D:9      | Noticed Prince Ribbit
  7722 | D:9      | Killed Prince Ribbit
  8041 | D:9      | Got a dazzling long sword
  8099 | D:9      | Identified the +1 long sword of Cheibriados's Hope
                  | {antimagic, +Inv MP+9 Int+5 SInv} (You found it on level 9
                  | of the Dungeon)
  8258 | D:9      | Reached XP level 11. HP: 101/101 MP: 10/10
  8410 | D:10     | Entered Level 10 of the Dungeon
  8412 | D:10     | Found Abudghius's Magic Scroll Shoppe.
  8417 | D:10     | Bought a scroll of identify for 30 gold pieces
  8417 | D:10     | Bought a scroll of amnesia for 52 gold pieces
  8417 | D:10     | Bought a scroll of identify for 30 gold pieces
  8417 | D:10     | Bought a scroll of identify for 30 gold pieces
  8417 | D:10     | Bought a scroll of identify for 30 gold pieces
  8417 | D:10     | Bought a scroll of identify for 30 gold pieces
  8417 | D:10     | Bought a scroll of identify for 30 gold pieces
  8433 | D:10     | Found Diyraisk's Assorted Antiques.
  8539 | D:10     | Received a gift from Okawaru
  8723 | D:10     | Killed an unseen horror
  9212 | D:10     | Found Paniw's Book Boutique.
  9247 | D:10     | Found Huka's General Store.
  9532 | D:10     | Killed an unseen horror
 10040 | D:11     | Noticed a green ugly thing
 10053 | D:11     | Killed a green ugly thing
 10121 | D:11     | Noticed an unseen horror
 10129 | D:11     | Killed an unseen horror
 10342 | D:11     | Killed an unseen horror
 10360 | D:11     | Received a gift from Okawaru
 10369 | D:11     | Got a faintly glowing cloak {god gift}
 10458 | D:11     | Noticed a red ugly thing
 10466 | D:11     | Killed a red ugly thing
 10466 | D:11     | Reached XP level 12. HP: 44/112 MP: 11/11
 10616 | D:11     | Identified the +2 cloak of Okawaru's Envy {Int+2} (Okawaru
                  | gifted it to you on level 11 of the Dungeon)
 10641 | D:11     | Found a staircase to the Orcish Mines.
 10671 | D:11     | Found Itoruc's Food Emporium.
 10776 | D:11     | Found Tiagodar's Magic Scroll Emporium.
 10914 | D:11     | Found a blossoming altar of Fedhas.
 11154 | Lair:1   | Entered Level 1 of the Lair of Beasts
 11372 | Lair:1   | Noticed a six-headed hydra
 11433 | D:8      | Killed a seven-headed hydra
 11829 | Lair:1   | Noticed Erica
 11841 | Lair:1   | Killed Erica
 12242 | Lair:1   | Reached ****** piety under Okawaru
 13083 | Lair:2   | Got a scorched long sword
 13084 | Lair:2   | Identified the +8 long sword "Pouriniv" {slice, +Fly rElec}
                  | (You found it on level 2 of the Lair of Beasts)
 13116 | Lair:2   | Found a staircase to the Swamp.
 13341 | Lair:2   | Found a staircase to the Snake Pit.
 13812 | Lair:3   | Identified the Almanac of Necromancy and the Birds
 14020 | Lair:3   | Noticed Fannar
 14040 | Lair:3   | Killed Fannar
 14053 | Lair:3   | Noticed Rupert
 14069 | Lair:3   | Killed Rupert
 14970 | Lair:4   | Received a gift from Okawaru
 15439 | Lair:4   | Noticed a six-headed hydra
 15447 | Lair:4   | Reached XP level 13. HP: 105/122 MP: 12/12
 16655 | Lair:5   | Identified 2 scrolls of acquirement
 16915 | Lair:5   | Received a gift from Okawaru
 17610 | Lair:5   | Found a staircase to the Slime Pits.
 17767 | Lair:6   | Entered Level 6 of the Lair of Beasts
 18184 | Lair:6   | Got a spiked shield
 18385 | Lair:6   | Identified the cursed +0 shield of Miepn {rC+} (You found
                  | it on level 6 of the Lair of Beasts)
 18911 | Lair:6   | Received a gift from Okawaru
 18919 | Lair:6   | Got a pair of scorched gloves {god gift}
 18920 | Lair:6   | Identified the +2 pair of gloves of Entitlement {Dex+4}
                  | (Okawaru gifted it to you on level 6 of the Lair of Beasts)
 20144 | D:10     | Bought the ring "Bios" {rC+ MR+ MP+9 Str-3 Int+5} for 869
                  | gold pieces
 20211 | D:10     | Bought a +2 scale mail of fire resistance for 294 gold
                  | pieces
 20315 | Orc:1    | Entered Level 1 of the Orcish Mines
 20509 | Orc:2    | Entered Level 2 of the Orcish Mines
 20634 | Orc:2    | Found a staircase to the Elven Halls.
 20657 | Orc:1    | Found a flagged portal.
 20673 | Orc:1    | Reached XP level 14. HP: 81/133 MP: 0/13
 20680 | Orc:1    | Found a runed door.
 20680 | Orc:1    | Found a shimmering altar of Xom.
 20680 | Orc:1    | Noticed Karim's ghost (journeyman GnCK)
 20800 | Bailey   | Entered a bailey
 21159 | Bailey   | Got a steaming plate armour
 21213 | Bailey   | Identified the cursed +1 plate armour of Cocytus {-Tele
                  | Str+4 Dex+4} (You found it in a bailey)
 21896 | Orc:1    | Killed Karim's ghost
 21899 | Orc:1    | Got a pair of dazzling gloves
 22023 | Orc:1    | Identified the -6 pair of gloves of Youthful Indiscretion
                  | {rElec Regen+ Slay+2} (You found it on level 1 of the
                  | Orcish Mines)
 22117 | Orc:1    | Received a gift from Okawaru
 22443 | Orc:1    | Noticed an orc warlord
 22460 | Orc:1    | Killed an orc warlord
 22932 | Orc:1    | Found a roughly hewn altar of Beogh.
 23346 | Orc:2    | Reached skill level 15 in Shields
 23605 | Orc:2    | Reached skill level 15 in Fighting
 23606 | Orc:2    | Found Ilumoic's Antique Weapon Emporium.
 23625 | Orc:2    | Slain by a sun demon

Vault maps used:
D:1:      dpeg_arrival_rooms_b
D:2:      first_ration, lemuel_another_geyser
D:3:      grunt_temple_overflow_forces_of_nature, grunt_temple_overflow_open,
          serial_bayou_pond_e
D:4:      minmay_temple_entry_butterflies
D:5:      ebering_ghost_rock_garden
D:6:      serial_shops, nicolae_shop_trees, gammafunk_ghost_split,
          uniq_eustachio
D:7:      minmay_overflow_temple_hex
D:8:      erik_lair_dragon, serial_shops, shop, the_bakery
D:9:      uniq_psyche, uniq_prince_ribbit1
D:10:     serial_shops, shop, nicolae_shop_temple_entry_statues_fountains,
          nicolae_shop_statue_plus, nicolae_shop_temple_entry_statues_fountains
D:11:     orc_0_dummy, serial_shops, shop, nicolae_shop_statue_plus,
          fedhas_altar_fruit_tree, uniq_erolcha
Temple:   minmay_temple_bridge_abc
Lair:1:   uniq_erica
Lair:2:   swamp_mist_pool, guppyfry_snake_entry_island, st_stairs_12,
          infiniplex_staircase_pool_2, serial_bayou_shore_b, lemuel_fruit_tree
Lair:3:   serial_forest, infiniplex_forest_corner_1,
          infiniplex_forest_clump_large, infiniplex_forest_diagonal,
          infiniplex_forest_corner_1, infiniplex_forest_straight_4,
          infiniplex_forest_lined_3_way, infiniplex_forest_lined_2,
          beast_lair_carwin_2, minmay_lair_oklob_chamber,
          infiniplex_staircase_pool, uniq_fannar, uniq_rupert
Lair:4:   grunt_forest_stairs_basic, st_stairs_3, minmay_holes
Lair:5:   minmay_slime_entry_oklob_enclosed
Lair:6:   grunt_lair_end_beastmaster, dpeg_oklob_1
Orc:1:    orc_temple, ebering_ghost_xom, enter_bailey_2
Orc:2:    st_orc_elflike
Bailey:   bailey_polearm_1, bailey

Skill      XL: |  1  2  3  4  5  6  7  8  9 10 11 12 13 14 |
---------------+-------------------------------------------+-----
Fighting       | 4 5 6 7 9 10 12 13 14 15 | 15.0
Armour         | 4 5 6 7 9 10 12 13 14 | 14.9
Shields        | 4 5 6 7 9 10 12 13 14 15 | 15.0
Axes           | 3 4 5 6 7 9 10 11 13 14 | 14.8

Action                   |  1- 3 |  4- 6 |  7- 9 | 10-12 | 13-15 || total
-------------------------+-------+-------+-------+-------+-------++-------
Melee: War axe           |    92 |   170 |   227 |   601 |   148 ||  1238
       Headbutt          |    12 |    30 |    40 |   136 |   120 ||   338
       Dagger            |       |       |       |     4 |       ||     4
       Broad axe         |       |       |       |       |   270 ||   270
       Scimitar          |       |       |       |       |    14 ||    14
Invok: Heroism           |       |       |       |     2 |     4 ||     6
 Abil: Stop Flying       |       |       |       |       |     1 ||     1
       Evoke Flight      |       |       |       |       |     1 ||     1
  Use: Scroll            |       |       |    19 |    13 |    21 ||    53
       Potion            |       |       |       |     1 |     2 ||     3
 Stab: Petrified         |       |       |       |       |     6 ||     6
       Petrifying        |       |       |       |       |     2 ||     2
  Eat: Chunk             |     1 |     7 |    10 |    14 |     9 ||    41
       Ration            |       |       |       |     5 |     5 ||    10
Armor: Chain mail        |    51 |    95 |   127 |   321 |   136 ||   730
       Acid dragon scale |       |       |       |    35 |       ||    35
       Plate armour      |       |       |       |     7 |    25 ||    32
       Scale mail        |       |       |       |       |    66 ||    66
Dodge: Dodged            |    16 |    48 |    54 |   155 |   109 ||   382
Block: Shield            |    62 |    81 |   135 |   373 |   325 ||   976
       Rpst.: Scimitar   |       |       |       |       |     2 ||     2

Table legend:
 A = Non-vault XP
 B = Vault XP
 C = Vault XP percentage of total XP
 D = Non-vault monster count
 E = Vault monster count
 F = Vault count percentage of total count
                 A         B        C        D         E       F
            +---------+---------+-------+---------+---------+-------
      Total |   50517 |   26929 |  34.8 |     469 |      86 |  15.5
            +---------+---------+-------+---------+---------+-------
        D:1 |      33 |       0 |   0.0 |      20 |       0 |   0.0
        D:2 |      71 |       0 |   0.0 |      20 |       0 |   0.0
        D:3 |     163 |       0 |   0.0 |      26 |       0 |   0.0
        D:4 |     456 |       0 |   0.0 |      23 |       0 |   0.0
        D:5 |     722 |     338 |  31.9 |      25 |       1 |   3.8
        D:6 |     911 |     843 |  48.1 |      22 |       5 |  18.5
        D:7 |     740 |       0 |   0.0 |      19 |       0 |   0.0
        D:8 |    3120 |    1624 |  34.2 |      33 |       7 |  17.5
        D:9 |    2240 |     703 |  23.9 |      38 |       2 |   5.0
       D:10 |    6993 |       0 |   0.0 |      53 |       0 |   0.0
       D:11 |    4633 |       0 |   0.0 |      39 |       0 |   0.0
     Lair:1 |    1596 |     912 |  36.4 |      12 |       1 |   7.7
     Lair:2 |    2070 |     160 |   7.2 |      12 |       1 |   7.7
     Lair:3 |    1701 |    4482 |  72.5 |       5 |       7 |  58.3
     Lair:4 |    5185 |     397 |   7.1 |      20 |       1 |   4.8
     Lair:5 |    5809 |       0 |   0.0 |      20 |       0 |   0.0
     Lair:6 |    7285 |    7862 |  51.9 |      23 |      16 |  41.0
      Orc:1 |    3950 |    8381 |  68.0 |      25 |      29 |  53.7
      Orc:2 |    2839 |     931 |  24.7 |      34 |       6 |  15.0
     Bailey |       0 |     296 | 100.0 |       0 |      10 | 100.0
            +---------+---------+-------+---------+---------+-------
